AoeStats
← crtolino93

Nomad

504692912Analyzed
2v2 RM · 26d ago on Sep 6, 2026· 105m 17s· 4 players
Game mode
Random Map
Map size
176×176
Population
200
Speed
Normal
Resources
Standard
Victory
Conquest
Starting age
Dark Age
Ending age
Imperial Age
RankedLock teamsTeams togetherTeam positionsShared explorationLock speedFull tech treeHidden civsTurbo modeCheats
Victory
Defeat
🇦🇷 Sicilians · Argentina
1105
+16
🇮🇳 Bulgarians · India
1078
+17
🇸🇮 Huns · Slovenia
1123
-17
🇦🇹 Malians · Austria
1098
-16
Delf
6:07 Loom
14:18 Feudal Age
14:45 Double-Bit Axe
14:42 Fishing Lines
19:52 Castle Age
18:50 Stone Mining
19:15 Horse Collar
21:07 Wheelbarrow
20:45 Bow Saw
20:29 Gillnets
21:27 Scale Mail Armor
21:38 Forging
21:18 Fletching
22:43 Gold Mining
22:40 Town Watch
23:15 Medium Warships
28:13 Ballistics
27:51 Bodkin Arrow
31:52 Imperial Age
30:26 Gold Shaft Mining
31:42 Chain Mail Armor
32:05 Iron Casting
33:10 Heavy Warships
33:15 Heavy Plow
35:06 Chemistry
34:14 Squires
34:01 Arson
34:43 Conscription
35:49 Elite Gbeto
36:42 Town Patrol
37:34 Hand Cart
38:44 Murder Holes
41:31 Plate Mail Armor
41:01 Padded Archer Armor
41:07 Scale Barding Armor
41:16 Masonry
52:44 Sappers
56:41 Guilds
58:23 Architecture
60:56 Clinker Construction
63:34 Carvel Hull
crtolino93
4:41 Loom
13:23 Feudal Age
14:05 Double-Bit Axe
18:34 Castle Age
17:14 Bloodlines
19:21 Horse Collar
23:42 Scale Barding Armor
25:23 Gold Mining
26:15 Wheelbarrow
26:42 Chain Barding Armor
26:54 Husbandry
28:28 Heavy Plow
28:40 Bow Saw
28:18 Town Watch
30:18 Ballistics
33:07 Imperial Age
31:30 Forging
32:01 Masonry
32:47 Iron Casting
33:29 Hand Cart
33:10 Cavalier
35:10 Plate Barding Armor
36:45 Blast Furnace
36:08 Conscription
37:03 Paladin
37:26 Light Cavalry
38:00 Fletching
38:45 Fishing Lines
40:34 Padded Archer Armor
40:29 Bodkin Arrow
42:19 Gold Shaft Mining
41:35 Stone Mining
41:09 Elite Skirmisher
44:02 Thumb Ring
44:40 Leather Archer Armor
44:25 Bracer
45:32 Two-Man Saw
48:54 Scale Mail Armor
57:28 Hussar
58:33 Gillnets
76:06 Murder Holes
77:15 Chemistry
103:00 Medium Warships
buddy219755
5:16 Loom
12:55 Feudal Age
16:45 Castle Age
16:19 Stone Mining
16:26 Double-Bit Axe
16:49 Horse Collar
17:36 Bow Saw
18:02 Gold Mining
18:51 Fletching
22:58 Bodkin Arrow
23:26 Padded Archer Armor
24:36 Town Watch
25:28 Wheelbarrow
25:15 Bloodlines
26:35 Hand Cart
27:17 Gold Shaft Mining
27:45 Husbandry
27:56 Light Cavalry
29:55 Leather Archer Armor
34:15 Imperial Age
34:09 Scale Barding Armor
34:15 Forging
34:17 Thumb Ring
34:28 Heavy Plow
36:15 Parthian Tactics
35:54 Bracer
36:32 Ballistics
37:12 Chemistry
37:17 Conscription
36:53 Stirrups
36:25 Cavalier
37:39 Chain Barding Armor
37:55 Iron Casting
37:53 Hussar
46:25 Plate Barding Armor
46:51 Blast Furnace
59:23 Pikeman
60:04 Squires
63:33 Scale Mail Armor
70:46 Elite Skirmisher
74:27 Halberdier
94:35 Gambesons
94:36 Arson
97:39 Medium Warships
99:23 Heavy Warships
99:58 Chain Mail Armor
101:54 Plate Mail Armor
爱期满后
16:48 Feudal Age
16:04 Loom
22:08 Castle Age
19:50 Horse Collar
20:33 Fletching
20:42 Double-Bit Axe
20:53 Stone Mining
23:24 Bow Saw
23:33 Heavy Plow
31:18 Gold Mining
32:03 Stone Shaft Mining
31:18 Gold Mining
32:05 Stone Shaft Mining
31:56 Bodkin Arrow
36:12 Imperial Age
34:45 Forging
34:35 Scale Mail Armor
34:45 Forging
34:46 Gambesons
35:01 Squires
34:47 Arson
36:35 Iron Casting
36:15 Chain Mail Armor
36:35 Iron Casting
36:15 Chain Mail Armor
36:40 Wheelbarrow
36:28 First Crusade
36:36 Capped Ram
39:16 Blast Furnace
38:46 Plate Mail Armor
39:16 Blast Furnace
41:03 Gold Shaft Mining
40:59 Elite Serjeant
42:00 Conscription
42:27 Hand Cart
48:31 Hoardings
48:22 Heavy Scorpion
53:38 Siege Engineers
54:46 Ballistics
55:27 Chemistry
56:44 Bracer
56:58 Masonry
56:35 Arrowslits
64:54 Pikeman
65:26 Halberdier
87:39 Crop Rotation
90:18 Caravan
90:28 Guilds
94:15 Heated Shot
98:02 Fervor
Connection lost

Rejoining the realm…

Still unreachable

The connection could not be restored.

Session expired

The server has moved on; the page needs a fresh start.